Map: Ночной сумрак РВ

Players

Lopatqa - Winner!

  • Race: Terran Terran
  • Spawn Location: 5:00

Kantara

  • Race: Protoss Protoss
  • League: Diamond
  • Spawn Location: 11:00

VOD

Have the link to the VOD?

Description

Time

  • Played on: Nov. 16, 2020, 3:48 p.m.
  • Length: 18:57
Show
View Real Time Build Order
Export as new Build Order

Lopatqa Terran - Winner!

Build Orders: Cyclone Opening, Mech 

Get SALT Encoding   

  12  0:00  SCV  
  13  0:12  SCV  
  14  0:17  Supply Depot  
  14  0:24  SCV  
  15  0:39  Barracks, SCV  
  16  0:44  Refinery  
  16  0:51  SCV  
  16  0:53  Refinery  
  17  1:03  SCV  
  18  1:07  Supply Depot  
  18  1:16  SCV  
  19  1:29  Orbital Command, Reaper  
  20  1:45  Factory  
  20  1:56  SCV  
  21  2:10  Marine  
  22  2:18  SCV  
  23  2:30  SCV  
  23  2:32  Command Center  
  24  2:38  Armory, Factory Tech Lab  
  24  2:40  Marine  
  25  2:55  SCV  
  25  2:57  Cyclone  
  25  2:58  Marine  
  30  3:07  SCV  
  31  3:16  Starport  
  31  3:18  Marine  
  31  3:25  Supply Depot  
  31  3:26  SCV  
  32  3:28  Drilling Claws  
  32  3:30  Widow Mine  
  34  3:37  Barracks Reactor  
  34  3:44  Bunker  
  34  3:50  Orbital Command  
  34  3:52  Widow Mine  
  36  3:56  SCV  
  36  4:00  Medivac  
  39  4:08  SCV  
  39  4:17  SCV  
  40  4:20  SCV  
  40  4:22  Widow Mine  
  40  4:23  Marine x2  
  45  4:31  Viking  
  47  4:41  SCV x2  
  49  4:49  Engineering Bay  
  51  4:54  Siege Tank  
  51  4:55  Marine x2  
  51  4:56  SCV x2  
  56  5:08  SCV x2  
  56  5:11  Medivac  
  60  5:25  Marine x2  
  60  5:27  Missile Turret  
  62  5:31  Missile Turret  
  62  5:42  Supply Depot x2  
  62  5:46  Factory  
  62  5:47  Refinery  
  62  5:48  Factory  
  62  5:50  Refinery  
  62  5:53  Starport Tech Lab  
  62  6:04  SCV x2  
  60  6:12  Mag-Field Accelerator  
  60  6:16  SCV x2  
  62  6:28  SCV x2, Raven  
  66  6:33  Factory Tech Lab  
  66  6:40  SCV  
  67  6:52  Cyclone  
  67  6:53  Cyclone  
  77  6:54  Widow Mine x2  
  77  6:55  SCV  
  77  6:57  Supply Depot  
  77  7:01  Command Center  
  78  7:19  Widow Mine x2, SCV x2  
  84  7:25  Cyclone  
  90  7:31  SCV  
  90  7:35  Sensor Tower  
  86  7:53  Widow Mine  
  86  7:55  Cyclone, Widow Mine  
  90  8:04  Cyclone  
  86  8:16  SCV x2  
  88  8:20  Terran Vehicle And Ship Armor Level 1  
  88  8:21  Factory x2  
  88  8:22  Widow Mine x2  
  92  8:28  SCV x2  
  92  8:32  Cyclone  
  97  8:36  Cyclone  
  97  8:39  Command Center  
  100  8:44  Supply Depot x4  
  100  8:47  Command Center  
  100  8:49  Widow Mine x2  
  104  9:05  Cyclone  
  104  9:06  Factory Tech Lab  
  104  9:08  Cyclone, Factory Tech Lab  
  110  9:25  Orbital Command  
  110  9:27  Refinery, SCV x2  
  110  9:28  Refinery  
  110  9:29  Sensor Tower  
  112  9:33  Missile Turret  
  112  9:37  Cyclone  
  115  9:39  SCV  
  115  9:40  Cyclone  
  115  9:42  Widow Mine  
  121  9:57  Cyclone x2  
  121  9:59  Widow Mine  
  129  10:00  SCV  
  129  10:01  SCV x2  
  129  10:03  Widow Mine  
  134  10:09  Cyclone  
  134  10:13  SCV x3  
  140  10:22  Thor, Widow Mine  
  140  10:25  SCV  
  149  10:35  Cyclone  
  139  10:36  Cyclone  
  139  10:41  Cyclone  
  145  10:56  SCV x2  
  145  10:57  SCV  
  148  11:05  Orbital Command  
  148  11:08  SCV  
  148  11:09  SCV x2  
  148  11:10  Terran Vehicle And Ship Armor Level 2  
  148  11:11  Command Center  
  151  11:13  Command Center  
  151  11:16  Factory, Cyclone  
  151  11:18  Factory  
  154  11:21  Factory  
  154  11:34  Cyclone  
  154  11:35  Cyclone x2  
  154  11:36  SCV  
  154  11:37  SCV x2  
  166  11:49  SCV  
  167  12:03  Refinery  
  167  12:04  Refinery  
  167  12:08  Cyclone x2, Hellion  
  164  12:09  Cyclone, Factory Tech Lab x2  
  164  12:15  Cyclone  
  164  12:31  Cyclone x2  
  164  12:32  Widow Mine x2, Factory Tech Lab  
  174  12:40  Cyclone  
  174  12:41  Cyclone x2  
  183  12:45  Planetary Fortress  
  183  12:50  SCV x3  
  186  12:54  Orbital Command  
  186  12:55  Orbital Command  
  186  13:02  SCV x3  
  189  13:07  SCV  
  189  13:11  Cyclone  
  189  13:12  Cyclone x2  
  197  13:49  Command Center x2  
  197  13:50  Sensor Tower  
  197  13:51  Refinery  
  197  13:54  Infernal Pre-Igniter  
  197  13:55  Command Center, Smart Servos  
  197  13:56  Refinery  
  195  14:32  Cyclone  
  189  14:46  Cyclone  
  189  14:47  Cyclone x2  
  184  15:13  Cyclone  
  184  15:14  Cyclone x3  
  190  15:18  Cyclone  
  178  15:24  Cyclone x2  
  160  15:40  Widow Mine  
  160  15:41  Widow Mine  
  161  15:46  Cyclone x4  
  161  15:47  Orbital Command  
  161  15:49  Planetary Fortress x2  
  173  15:51  Cyclone  
  173  15:56  Cyclone x2  
  182  16:02  Widow Mine x2  
  186  16:14  Orbital Command  
  186  16:18  Cyclone x3, Widow Mine  
  197  16:23  Cyclone  
  200  16:36  Command Center  
  200  16:37  Refinery  
  200  16:39  Sensor Tower  
  200  16:41  Command Center, Refinery  
  183  17:15  Cyclone x5  
  191  17:16  Cyclone x2  
  177  17:47  Cyclone x3, Thor  
  177  17:48  Cyclone x2  
  198  17:57  Planetary Fortress x2  
  198  18:12  Command Center  
  198  18:16  Command Center  
  198  18:17  Command Center x2  
Show
View Real Time Build Order
Export as new Build Order

Kantara Protoss 

Build Orders:  

Get SALT Encoding   

  12  0:00  Probe  
  13  0:12  Probe  
  14  0:18  Pylon  
  14  0:24  Probe  
  15  0:37  Probe (Chrono Boost)  
  15  0:41  Gateway  
  16  0:49  Probe (Chrono Boost), Assimilator  
  17  0:56  Probe (Chrono Boost)  
  18  1:05  Probe  
  19  1:19  Probe (Chrono Boost)  
  20  1:31  Probe (Chrono Boost)  
  20  1:32  Cybernetics Core  
  21  1:36  Pylon, Probe (Chrono Boost)  
  21  1:37  Assimilator  
  22  1:45  Probe  
  23  1:57  Probe  
  24  2:07  Stalker (Chrono Boost)  
  23  2:09  Probe  
  23  2:11  Warp Gate  
  26  2:17  Nexus  
  26  2:22  Probe  
  27  2:31  Robotics Facility  
  27  2:34  Stalker  
  29  2:37  Probe  
  30  2:49  Probe  
  30  3:01  Probe  
  30  3:03  Pylon  
  31  3:21  Stalker, Probe  
  34  3:27  Shield Battery  
  34  3:30  Observer (Chrono Boost)  
  34  3:33  Probe  
  36  3:36  Gateway  
  36  3:38  Gateway  
  36  3:45  Probe  
  36  3:46  Probe  
  38  3:52  Immortal (Chrono Boost)  
  42  3:57  Probe  
  42  3:58  Probe  
  45  4:10  Probe x2  
  44  4:21  Forge  
  44  4:22  Probe x2  
  46  4:24  Robotics Bay  
  46  4:28  Immortal  
  50  4:34  Stalker, Probe  
  50  4:38  Probe  
  54  4:46  Pylon  
  54  4:54  Protoss Ground Weapons Level 1 (Chrono Boost)  
  54  5:03  Twilight Council  
  54  5:06  Pylon  
  54  5:08  Pylon  
  54  5:10  Assimilator  
  43  5:25  Nexus  
  43  5:28  Pylon  
  43  5:29  Stalker x2, Charge  
  43  5:34  Probe (Chrono Boost)  
  43  5:35  Probe (Chrono Boost)  
  49  5:45  Probe x2 (Chrono Boost)  
  49  5:49  Probe (Chrono Boost)  
  51  5:52  Probe  
  53  6:00  Probe  
  52  6:14  Probe x2  
  52  6:16  Colossus  
  60  6:26  Probe  
  60  6:27  Extended Thermal Lance  
  61  6:33  Assimilator  
  61  6:37  Pylon  
  61  6:39  Probe  
  63  6:40  Probe  
  63  6:44  Photon Cannon  
  63  6:50  Zealot x2  
  63  6:51  Photon Cannon  
  63  6:54  Photon Cannon  
  67  6:55  Probe x2  
  67  6:56  Probe  
  67  6:58  Protoss Ground Armor Level 1 (Chrono Boost)  
  70  7:10  Colossus  
  70  7:15  Zealot  
  78  7:18  Sentry  
  78  7:22  Probe x2  
  82  7:23  Probe  
  83  7:32  Gateway  
  83  7:33  Gateway  
  83  7:35  Zealot  
  85  7:37  Zealot  
  83  7:52  Stalker  
  79  8:08  Probe x2  
  79  8:09  Probe  
  82  8:19  Colossus (Chrono Boost)  
  82  8:20  Probe  
  82  8:25  Zealot x3  
  95  8:28  Probe x2 (Chrono Boost)  
  95  8:33  Probe (Chrono Boost)  
  98  8:40  Probe (Chrono Boost)  
  100  8:41  Probe (Chrono Boost)  
  100  8:43  Stalker  
  100  8:45  Probe (Chrono Boost)  
  100  8:48  Probe (Chrono Boost)  
  104  8:50  Blink (Chrono Boost)  
  104  8:58  Photon Cannon  
  104  9:03  Photon Cannon  
  104  9:20  Nexus  
  104  9:31  Robotics Facility  
  104  9:33  Pylon  
  104  9:34  Pylon  
  104  9:48  Protoss Ground Weapons Level 2 (Chrono Boost)  
  104  9:52  Shield Battery, Probe x2  
  106  9:58  Disruptor  
  109  10:04  Templar Archives, Probe  
  110  10:27  Pylon  
  110  10:28  Pylon  
  110  10:29  Pylon, Probe  
  110  10:32  Probe  
  103  10:41  Probe x2  
  105  10:44  Probe  
  102  10:53  Probe x2  
  102  10:54  Disruptor x2  
  102  10:56  Probe  
  111  10:58  High Templar x4  
  111  10:59  High Templar  
  121  11:05  Probe x2, Assimilator  
  121  11:06  Assimilator, Archon  
  121  11:07  Archon  
  121  11:08  Probe  
  121  11:10  Gateway  
  124  11:17  Probe  
  125  11:30  Immortal x2  
  133  11:41  Nexus  
  133  11:44  Pylon  
  133  11:47  Zealot x2  
  133  11:49  Probe x2  
  133  11:51  Stalker x2  
  98  12:25  Disruptor (Chrono Boost)  
  98  12:26  Disruptor (Chrono Boost)  
  98  12:31  Stalker  
  98  12:32  Stalker x5  
  110  12:47  Nexus  
  110  12:55  Stalker  
  110  12:57  Stalker  
  114  12:58  Disruptor x2 (Chrono Boost)  
  120  13:08  Protoss Ground Weapons Level 3 (Chrono Boost)  
  120  13:27  Disruptor x2  
  120  13:34  Probe x2  
  128  13:46  Probe x2  
  130  13:50  Nexus  
  130  13:55  Stalker x2  
  132  14:05  High Templar x3  
  138  14:14  Probe x2  
  138  14:16  Pylon  
  140  14:18  Pylon  
  140  14:20  Pylon  
  140  14:22  Pylon  
  140  14:23  Pylon  
  130  14:32  Stalker x3  
  126  14:59  Disruptor  
  119  15:00  Disruptor  
  92  15:47  Stalker x2  
  92  15:48  Stalker x4  
  104  15:55  Pylon  
  104  15:56  Pylon  
  104  15:58  Pylon  
  104  16:02  Pylon  
  104  16:04  Nexus  
  104  16:05  Pylon  
  104  16:07  Colossus (Chrono Boost)  
  105  16:32  Observer (Chrono Boost)  
  105  16:40  High Templar  
  105  16:41  High Templar x3  
  105  16:45  Archon x2  
  105  16:46  Observer  
  114  16:48  Probe x2  
  116  17:00  Probe  
  75  17:54  Zealot x6  
  75  17:58  Robotics Bay  
  87  18:02  Nexus  
  87  18:14  High Templar x3  
  87  18:15  High Templar  
  87  18:19  Archon x2  
Tags
 
Add a new tag
Caveats
  • Supply blocks, unpowered buildings, or Contaminate may cause inaccurate times.
  • Supply counts are checked every 10 seconds.